AoeStats
← Mr.Razorski

African Clearing

510401605Analyzed
3v3 RM · 17h ago on Sep 30, 2026· 49m 8s· 6 players
Game mode
Random Map
Map size
Normal (6 player)
Population
200
Speed
Normal
Resources
Standard
Victory
Conquest
Starting age
Dark Age
Ending age
Imperial Age
RankedLock teamsTeams togetherTeam positionsShared explorationLock speedFull tech treeHidden civsTurbo modeCheats
Victory
Defeat
🇩🇰 Poles · Denmark
1146
+13
🇵🇱 Franks · Poland
999
+19
🇵🇱 Magyars · Poland
936
+22
🇬🇧 Mongols · United Kingdom
1129
-20
🇮🇳 Inca · India
1104
-19
🇹🇷 Maya · Türkiye
994
-15
Tyrion_
5:24 Loom
13:52 Feudal Age
14:03 Champi Runner
14:51 Double-Bit Axe
18:07 Horse Collar
22:11 Castle Age
23:01 Champi Warrior
24:38 Wheelbarrow
24:05 Heavy Plow
24:21 Bow Saw
24:20 Squires
27:40 Elite Skirmisher
31:00 Fletching
31:10 Padded Archer Armor
32:54 Bodkin Arrow
37:58 Heavy Plow
40:12 Hand Cart
41:37 Forging
41:28 Scale Mail Armor
51:36 Imperial Age
Cerrahpaşalı Halit
17:06 Feudal Age
24:14 Castle Age
22:43 Loom
24:26 Double-Bit Axe
24:24 Horse Collar
doushyradar
7:03 Loom
12:35 Feudal Age
14:06 Double-Bit Axe
16:40 Forging
20:37 Horse Collar
24:14 Castle Age
23:51 Fletching
24:45 Bloodlines
25:47 Gold Mining
27:49 Bodkin Arrow
30:12 Gold Shaft Mining
32:01 Wheelbarrow
34:16 Ballistics
38:06 Imperial Age
36:16 Wheelbarrow
36:23 Wheelbarrow
35:33 Town Watch
36:34 Husbandry
37:14 Iron Casting
36:45 Scale Barding Armor
39:38 Cavalier
41:16 Chain Barding Armor
Mr.Razorski
14:05 Feudal Age
15:29 Double-Bit Axe
15:37 Horse Collar
16:20 Loom
24:28 Castle Age
23:06 Wheelbarrow
25:06 Forging
24:58 Scale Mail Armor
25:33 Pikeman
30:46 Fletching
32:46 Chain Mail Armor
33:06 Iron Casting
36:05 Bodkin Arrow
Helenka
4:46 Loom
15:11 Feudal Age
16:07 Double-Bit Axe
21:52 Castle Age
24:03 Wheelbarrow
30:19 Bow Saw
29:51 Horse Collar
30:06 Gold Mining
30:07 Stone Mining
30:20 Fletching
34:17 Thumb Ring
34:19 Padded Archer Armor
34:15 Bodkin Arrow
40:59 Imperial Age
38:36 Heavy Plow
40:07 Hand Cart
41:06 Leather Archer Armor
41:43 Gold Shaft Mining
41:32 Ballistics
41:23 Masonry
41:05 Heavy Cavalry Archer
42:16 Parthian Tactics
41:54 Bracer
42:25 Ring Archer Armor
43:00 Two-Man Saw
43:13 Crop Rotation
mateuszes
13:44 Feudal Age
13:51 Feudal Age
12:09 Loom
17:19 Wheelbarrow
24:07 Castle Age
24:08 Forging
23:59 Scale Mail Armor
25:37 Caravan
27:59 Ballistics
34:14 Elite Skirmisher
35:38 Double-Bit Axe
41:14 Imperial Age
39:00 Bow Saw
40:50 Iron Casting
41:07 Pikeman
43:21 Conscription
Connection lost

Rejoining the realm…

Still unreachable

The connection could not be restored.

Session expired

The server has moved on; the page needs a fresh start.